 Dungeon Crawl Stone Soup version 0.22-a0-480-g991dd4b (webtiles) character file.

1072 Laiders72 the Cudgeler (level 8, -2/109 HPs)
             Began as a Minotaur Berserker on June 16, 2018.
             Was a Believer of Trog.
             Killed from afar by Slunt's ghost (9 damage)
             ... with a flame tongue
             ... on level 5 of the Dungeon.
             The game lasted 00:08:18 (4187 turns).

Laiders72 the Cudgeler (Minotaur Berserker)         Turns: 4187, Time: 00:08:19

Health: -2/109     AC:  9    Str: 28    XL:     8   Next: 7%
Magic:  7/7        EV: 11    Int:  4    God:    Trog [**....]
Gold:   189        SH:  0    Dex: 14    Spells: 7/7 levels left

rFire    . . .     SeeInvis .   k - +1 flail
rCold    . . .     Gourm    .   (no shield)
rNeg     . . .     Faith    .   g - +0 chain mail
rPois    .         Spirit   .   (helmet restricted)
rElec    .         Reflect  .   (no cloak)
rCorr    .         Harm     .   (no gloves)
MR       +....                  (no boots)
Stlth    ..........             (no amulet)
HPRegen  0.28/turn              i - +3 ring of dexterity
MPRegen  0.10/turn              n - ring of protection from magic

@: berserking, very quick
A: retaliatory headbutt, horns 2
a: Berserk, Trog's Hand, Renounce Religion


You were on level 5 of the Dungeon.
You worshipped Trog.
Trog was pleased with you.
You were very hungry.

You visited 1 branch of the dungeon, and saw 5 of its levels.

You collected 189 gold pieces.

Inventory:

Hand Weapons
 k - a +1 flail (weapon)
Missiles
 s - 2 throwing nets (quivered)
Armour
 g - a +0 chain mail (worn)
Jewellery
 h - a +3 ring of intelligence
 i - a +3 ring of dexterity (left hand)
 n - a ring of protection from magic (right hand)
 p - an uncursed ring of protection from fire
 w - an uncursed ring of flight
 A - a +4 amulet of reflection {unknown}
Wands
 b - a wand of flame (7)
Scrolls
 a - 2 scrolls of random uselessness {unknown}
 j - 3 scrolls of remove curse
 r - a scroll of teleportation {unknown}
 u - 4 scrolls of enchant weapon
 v - a scroll of magic mapping {unknown}
 x - a scroll of fog {unknown}
 y - a scroll of identify
 z - a scroll of immolation {unknown}
Potions
 d - 2 potions of lignification {unknown}
 e - a potion of agility {unknown}
 f - a potion of invisibility {unknown}
 l - a potion of haste {unknown}
 m - 3 potions of heal wounds {unknown}
 o - 2 potions of flight {unknown}
 q - a potion of brilliance {unknown}
 t - a potion of might {unknown}
Comestibles
 c - 7 rations


   Skills:
 * Level 7.4 Fighting
 * Level 7.5 Maces & Flails
 + Level 5.1 Armour
 + Level 4.7 Dodging


You had 7 spell levels left.
You didn't know any spells.
Your spell library was empty.

Dungeon Overview and Level Annotations

Branches:
Dungeon (5/15)
 Temple: D:4-7

Altars:
Sif Muna
Vehumet

Annotations:
D:5 Slunt's ghost, novice DrFE


Innate Abilities, Weirdness & Mutations

You reflexively headbutt those who attack you in melee.
You have a pair of horns on your head.


Message History

Slunt's ghost misses you.
You sock Slunt's ghost!
Slunt's ghost is almost destroyed.
Slunt's ghost hits you but does no damage.
You hit Slunt's ghost but do no damage. You headbutt Slunt's ghost.
Slunt's ghost is almost destroyed.
Slunt's ghost gestures at you while chanting.
The flame tongue hits you!
* * * LOW HITPOINT WARNING * * *
You barely miss Slunt's ghost. Your headbutt misses Slunt's ghost.
Slunt's ghost is almost destroyed.
Slunt's ghost points at you and mumbles some strange words.
The puff of flame hits you!
* * * LOW HITPOINT WARNING * * *
A red film seems to cover your vision as you go berserk!
You feel yourself moving faster!
You feel mighty!
You are feeling very hungry.
Slunt's ghost casts a spell at you. The flame tongue hits you!
You die...

.....###.# #.# .........#
#.# ........## #.#
#..####.# #.#
##.#....##########.######
................##......#
###..............รท......#
#.....................#
#.....##.#....@W...####
#.)...##.#.........#
#.....##.#[....#.##...
#.....##+#.....#.# ..)
##..#...........#.# ....
##...............#.# ..
.+...............#
##...............#
##.............###


You could see Slunt's ghost.

Vanquished Creatures
  The ghost of Tiareth the Magician, an amateur DEWz (D:4)
  The ghost of Miyamura the Shield-Bearer, an amateur FoFi (D:3)
  A phantom (D:4)
  An ogre (D:4)
  A scorpion (D:4)
  5 killer bees (D:5)
  A hound (D:2)
  3 worker ants
  A hound skeleton (D:4)
  4 adders
  7 gnolls
  A shadow imp (D:5)
  2 oozes (D:1)
  2 adder skeletons (D:4)
  3 worms
  3 dart slugs
  A leopard gecko (D:2)
  6 orcs
  A ball python (D:2)
  9 bats
  2 giant cockroaches
  13 hobgoblins
  4 jackals
  3 quokkas
  6 frilled lizards
  10 goblins
  3 kobolds
  A quokka skeleton (D:5)
  6 rats
102 creatures vanquished.

Notes
Turn   | Place    | Note
-------+----------+-------------------------------------------
     0 | D:1      | Laiders72 the Minotaur Berserker began the quest for the Orb.
     0 | D:1      | Reached XP level 1. HP: 19/19 MP: 0/0
    22 | D:1      | Reached XP level 2. HP: 27/27 MP: 1/1
   348 | D:1      | Reached XP level 3. HP: 23/33 MP: 2/2
   903 | D:2      | Reached XP level 4. HP: 34/41 MP: 3/3
   932 | D:2      | Reached ** piety under Trog
  1327 | D:2      | Reached skill level 5 in Maces & Flails
  1327 | D:2      | Reached XP level 5. HP: 23/47 MP: 4/4
  1331 | D:2      | Reached skill level 5 in Fighting
  2277 | D:3      | Noticed Miyamura's ghost (amateur FoFi)
  2288 | D:3      | Killed Miyamura's ghost
  2288 | D:3      | Reached XP level 6. HP: 57/57 MP: 5/5
  2381 | D:3      | Found a deep blue altar of Sif Muna.
  2485 | D:4      | Found a radiant altar of Vehumet.
  2891 | D:4      | Noticed Tiareth's ghost (amateur DEWz)
  2899 | D:4      | Killed Tiareth's ghost
  2899 | D:4      | Reached XP level 7. HP: 64/64 MP: 6/6
  3630 | D:5      | Entered Level 5 of the Dungeon
  3690 | D:5      | Reached skill level 5 in Armour
  3690 | D:5      | Reached XP level 8. HP: 54/73 MP: 7/7
  4163 | D:5      | Noticed Slunt's ghost (novice DrFE)
  4187 | D:5      | Killed from afar by Slunt's ghost

Vault maps used:
D:1:      shiori_arrival_maze, minmay_misc_feat_secret_circle
D:3:      lemuel_blue_sif_altar, first_ration
D:4:      serial_park_tiny_1, vehumet_altar_wand_db
D:5:      corexii_hall_statues_i, item_on_display_a, uniq_prince_ribbit1

Skill      XL: |  1  2  3  4  5  6  7 |
---------------+----------------------+-----
Maces & Flails | 4 5 6 7 |  7.5
Fighting       | 4 5 6 7 |  7.4
Armour         | 3 4 5 |  5.1
Dodging        | 3 4 |  4.7

Action                   |  1- 3 |  4- 6 |  7- 9 || total
-------------------------+-------+-------+-------++-------
Melee: Mace              |    60 |    45 |       ||   105
       Headbutt          |    11 |    25 |     8 ||    44
       Flail             |       |    79 |    69 ||   148
Invok: Berserk           |       |     5 |     2 ||     7
       Trog's Hand       |       |     5 |     1 ||     6
  Use: Scroll            |     5 |     2 |       ||     7
  Eat: Chunk             |       |    11 |       ||    11
       Ration            |       |       |     2 ||     2
Armor: Chain mail        |    27 |    46 |    37 ||   110
Dodge: Dodged            |    33 |    62 |    32 ||   127

Table legend:
 A = Spawn XP
 B = Non-spawn XP
 C = Spawn XP percentage of total XP
 D = Spawn monster count
 E = Non-spawn monster count
 F = Spawn count percentage of total count
 G = Total turns spent on level
                    A         B        C        D         E        F      G
               +---------+---------+-------+---------+---------+-------+---------
         Total |       0 |    1532 |   0.0 |       0 |     102 |   0.0 |  4187
               +---------+---------+-------+---------+---------+-------+---------
           D:1 |       0 |      56 |   0.0 |       0 |      26 |   0.0 |   851
           D:2 |       0 |     163 |   0.0 |       0 |      22 |   0.0 |  1076
           D:3 |       0 |     316 |   0.0 |       0 |      29 |   0.0 |   558
           D:4 |       0 |     643 |   0.0 |       0 |      13 |   0.0 |  1145
           D:5 |       0 |     354 |   0.0 |       0 |      12 |   0.0 |   557
               +---------+---------+-------+---------+---------+-------+---------
